AoeStats
← chinorron

Fortress

510131428Analyzed
2v2 RM · 1d ago on Sep 29, 2026· 44m 36s· 4 players
Game mode
Random Map
Map size
Normal (6 player)
Population
200
Speed
Normal
Resources
Standard
Victory
Conquest
Starting age
Dark Age
Ending age
Imperial Age
RankedLock teamsTeams togetherTeam positionsShared explorationLock speedFull tech treeHidden civsTurbo modeCheats
Victory
Defeat
🇪🇸 Bulgarians · Spain
1178
+12
🇪🇸 Spanish · Spain
1106
+14
🇳🇴 Aztecs · Norway
1081
-13
🇳🇴 Saxons · Norway
1080
-13
sepereti
1:50 Loom
7:16 Feudal Age
7:49 Double-Bit Axe
13:40 Castle Age
12:47 Horse Collar
13:00 Gold Mining
17:10 Bow Saw
17:42 Padded Archer Armor
17:33 Fletching
19:23 Wheelbarrow
18:50 Heavy Plow
21:48 Hand Cart
27:23 Imperial Age
27:33 Ballistics
27:31 Leather Archer Armor
27:11 Bodkin Arrow
27:05 Man-at-Arms
29:58 Stone Mining
31:11 Two-Man Saw
30:19 Long Swordsman
30:20 Pikeman
31:49 Cavalier
32:30 Husbandry
31:57 Halberdier
34:05 Squires
33:26 Two-Handed Swordsman
33:52 Gambesons
34:35 Conscription
34:51 Champion
36:07 Scale Mail Armor
36:18 Forging
36:52 Bloodlines
37:32 Scale Barding Armor
37:43 Chain Mail Armor
38:04 Iron Casting
41:14 Plate Mail Armor
41:45 Blast Furnace
41:06 Chain Barding Armor
chinorron
6:28 Feudal Age
11:26 Castle Age
9:32 Double-Bit Axe
10:10 Loom
12:06 Horse Collar
19:06 Bow Saw
19:01 Heavy Plow
21:14 Wheelbarrow
22:39 Hand Cart
26:33 Imperial Age
24:09 Gold Mining
25:47 Forging
25:43 Scale Barding Armor
25:38 Scale Mail Armor
25:31 Fletching
27:22 Iron Casting
27:19 Chain Barding Armor
27:22 Bloodlines
27:13 Husbandry
27:50 Crop Rotation
28:06 Gold Shaft Mining
27:22 Stone Mining
27:29 Stone Mining
27:38 Stirrups
29:10 Blast Furnace
29:41 Stone Shaft Mining
29:06 Bodkin Arrow
29:47 Plate Barding Armor
29:27 Chain Mail Armor
29:30 Elite Konnik
30:32 Conscription
32:15 Plate Mail Armor
32:47 Bracer
36:21 Ballistics
37:01 Chemistry
36:13 Masonry
36:05 Light Cavalry
MoarScoops
7:57 Feudal Age
8:23 Double-Bit Axe
8:19 Horse Collar
9:26 Man-at-Arms
14:32 Castle Age
13:07 Fletching
14:28 Gold Mining
16:09 Bow Saw
19:26 Elite Skirmisher
22:03 Ballistics
22:07 Fervor
24:21 Wheelbarrow
23:31 Loom
24:11 Padded Archer Armor
24:32 Heavy Plow
27:10 Fortified Wall
26:56 Murder Holes
27:14 Atlatl
28:36 Hand Cart
29:54 Gambesons
30:09 Squires
30:55 Bodkin Arrow
31:02 Scale Mail Armor
31:23 Caravan
31:59 Arson
34:54 Imperial Age
32:11 Town Watch
33:17 Forging
34:13 Stone Mining
35:04 Gold Shaft Mining
34:11 Pikeman
34:11 Long Swordsman
35:02 Treadmill Crane
35:39 Bracer
35:56 Chain Mail Armor
35:18 Sappers
35:12 Capped Ram
35:53 Eagle Warrior
37:23 Iron Casting
38:45 Conscription
38:04 Elite Jaguar Warrior
40:17 Chemistry
39:22 Siege Engineers
45:09 Crop Rotation
ECH
8:06 Feudal Age
9:53 Loom
10:03 Double-Bit Axe
12:20 Castle Age
11:06 Fletching
12:17 Forging
12:10 Scale Mail Armor
12:33 Stone Mining
14:11 Squires
14:14 Gambesons
14:49 Horse Collar
19:33 Heavy Plow
21:09 Bow Saw
22:11 Chain Mail Armor
23:22 Wheelbarrow
23:04 Elite Skirmisher
23:56 Arson
24:53 Iron Casting
25:10 Bodkin Arrow
25:16 Padded Archer Armor
26:27 Hand Cart
26:58 Ballistics
27:09 Murder Holes
27:53 Gold Mining
28:33 Masonry
29:15 Leather Archer Armor
30:01 Thumb Ring
31:26 Gold Shaft Mining
31:17 Town Watch
35:08 Imperial Age
33:15 Pikeman
35:14 Elite Hearth Troop
36:19 Conscription
35:35 Elite Varangian Guard
36:47 Plate Mail Armor
36:42 Caravan
36:40 Halberdier
38:53 Chemistry
37:39 Arrowslits
39:00 Ring Archer Armor
38:19 Shield Wall
40:38 Crossbowman
44:41 Two-Man Saw
43:30 Arbalester
Connection lost

Rejoining the realm…

Still unreachable

The connection could not be restored.

Session expired

The server has moved on; the page needs a fresh start.